 Dungeon Crawl Stone Soup version 0.28-a0-769-g550dbda0cd (webtiles) character file.

Game seed: 7135244258179870113

26 demibob the Poker (level 2, -2/26 HPs)
             Began as a Draconian Chaos Knight on Nov 1, 2021.
             Was a Plaything of Xom.
             Slain by an iguana (11 damage)
             ... on level 2 of the Dungeon.
             The game lasted 00:01:53 (1215 turns).

demibob the Poker (Draconian Chaos Knight)          Turns: 1215, Time: 00:01:54

Health: -2/26      AC:  4    Str: 14      XL:     2   Next: 89%
Magic:  2/2        EV: 12    Int: 11 (12) God:    Xom [.*....]
Gold:   71         SH:  0    Dex: 10      Spells: 1/1 levels left

rFire   . . .      SeeInvis .   a - +0 spear (chaos)
rCold   . . .      Faith    .   (no shield)
rNeg    . . .      Spirit   .   (armour unavailable)
rPois   .          Reflect  .   (helmet restricted)
rElec   .          Harm     .   (no cloak)
rCorr   .          Rampage  .   (no gloves)
Will    .....                   (no boots)
Stlth   +.........              (no amulet)
HPRegen 0.08/turn               (no ring)
MPRegen 0.08/turn               (no ring)

@: no status effects
A: AC +4, unfitting armour, cold-blooded, sense surroundings 1
a: Renounce Religion


You were on level 2 of the Dungeon.
You worshipped Xom.
You were a plaything of Xom.
You visited 1 branch of the dungeon, and saw 2 of its levels.

You collected 71 gold pieces.


Innate Abilities, Weirdness & Mutations

Your plain brown scales are hard. (AC +4)
You cannot fit into any form of body armour.
You are cold-blooded and may be slowed by cold attacks.
You passively map a small area around you.


   Skills:
 - Level 3.2 Fighting
 + Level 4.1 Polearms
 - Level 2.1 Dodging


You had one spell level left.
You didn't know any spells.
Your spell library was empty.

Inventory:

Hand Weapons
 a - a +0 spear of chaos (weapon)

Dungeon Overview and Level Annotations

Branches:
Dungeon (2/15)

Altars:

* * , * * # , .,
...# , * * **
#., , .#. ** .#.
, <. ,* * ....,
,.#,#, *
.....####.#.#..*
*
.......@.g.....
,
........l#######
*
......$........#
, ,
##.......#####.#
.........# * * *
* ##.......# , ,
#.......# * ,
*#.......# ,
.?....... ,


You could see an iguana (slow) and a goblin.


Message History

The hobgoblin hits you but does no damage.
There is a stone staircase leading up here.
There are monsters nearby!
You hit the hobgoblin.
The hobgoblin is severely wounded.
The hobgoblin closely misses you.
You completely miss the hobgoblin.
Your tail-slap misses the hobgoblin.
The hobgoblin is severely wounded.
The iguana closely misses you. The hobgoblin barely misses you.
You hit the hobgoblin but do no damage.
The hobgoblin is severely wounded.
A goblin comes into view. It is wielding a +0 club.
The iguana bites you! The hobgoblin barely misses you.
You barely miss the hobgoblin.
The hobgoblin is severely wounded.
The iguana closely misses you.
You hit the hobgoblin.
You kill the hobgoblin!
You hit the iguana but do no damage. The iguana barely misses you.
You hit the iguana.
The iguana seems to slow down.
You freeze the iguana.
The iguana is lightly wounded.
The iguana bites you!
* * * LOW HITPOINT WARNING * * *
You are too injured to fight recklessly!
You are too injured to fight recklessly!
You hit the iguana.
The iguana seems to slow down.
You freeze the iguana.
The iguana is moderately wounded.
The iguana bites you!
You die...
Xom titters!

Skill      XL: |  1  2 |
---------------+-------+-----
Polearms       | 4 |  4.1
Fighting       | |  3.2
Dodging        | |  2.1

Action                   || total
-------------------------++-------
Melee: Spear             ||    61
       Tailslap          ||     7
  Use: Scroll            ||     1
       Potion            ||     1
 Stab: Sleeping          ||     1
Armor: Skin              ||    18
Dodge: Dodged            ||    25

Levels and vault maps discovered:
D:1:      dpeg_arrival_ternary, layout_loops_corners
D:2:      layout_basic, minmay_strange_pillars

Notes
Turn   | Place    | Note
-------+----------+-------------------------------------------
     0 | D:1      | demibob the Draconian Chaos Knight began the quest for the
                  | Orb.
     0 | D:1      | Reached XP level 1. HP: 19/19 MP: 1/1
   265 | D:1      | XOM: give mutation
   265 | D:1      | Gained mutation: You passively map a small area around you.
                  | [Xom's mischief]
   266 | D:1      | Reached XP level 2. HP: 26/26 MP: 2/2
   425 | D:1      | XOM: stat loss: -1 Int (11/12)
   530 | D:1      | Reached skill level 4 in Polearms
   613 | D:1      | XOM: summons 2 hostile demons
   663 | D:2      | XOM: 1-stop teleportation journey
   931 | D:1      | XOM: torment (14/26 hp)
  1215 | D:2      | Slain by an iguana

Vanquished Creatures
  2 ball pythons (D:1)
  An endoplasm (D:1)
  A goblin (D:1)
  7 hobgoblins
  7 kobolds (D:1)
  3 frilled lizards (D:1)
  3 rats (D:1)
24 creatures vanquished.

Table legend: (Time is in decaauts)
 A = Elapsed time spent in this place.
 B = Non-inter-level travel time spent in this place.
 C = Inter-level travel time spent in this place.
 D = Time resting spent in this place.
 E = Time spent auto-exploring this place.
 F = Levels seen in this place.
 G = Mean time per level.
                   A        B        C        D        E       F      G
               +--------+--------+--------+--------+--------+-----+--------+
         Total |   1210 |   1196 |     14 |    185 |    870 |   2 |  605.0 |
       Dungeon |   1210 |   1196 |     14 |    185 |    870 |   2 |  605.0 |
               +--------+--------+--------+--------+--------+-----+--------+

Top non-repeatable levels by time:
     D:1: 1163 daAuts
     D:2: 47 daAuts

Table legend:
 A = Non-vault XP
 B = Vault XP
 C = Vault XP percentage of total XP
 D = Non-vault monster count
 E = Vault monster count
 F = Vault count percentage of total count
                 A         B        C        D         E       F
            +---------+---------+-------+---------+---------+-------
      Total |      38 |       0 |   0.0 |      24 |       0 |   0.0
            +---------+---------+-------+---------+---------+-------
        D:1 |      36 |       0 |   0.0 |      23 |       0 |   0.0
        D:2 |       2 |       0 |   0.0 |       1 |       0 |   0.0
            +---------+---------+-------+---------+---------+-------
